 Dungeon Crawl Stone Soup version 0.21.1-1-g345015f (webtiles) character file.

382 Reyan the Shield-Bearer (level 6, 0/53 HPs)
             Began as a Gnoll Fighter on Apr 7, 2018.
             Slain by an ogre
             ... wielding a +0 giant club
              (19 damage)
             ... on level 4 of the Dungeon.
             The game lasted 00:14:55 (3059 turns).

Reyan the Shield-Bearer (Gnoll Fighter)             Turns: 3059, Time: 00:14:55

Health: 0/53       AC: 11    Str: 18    XL:     6   Next: 76%
Magic:  9/9        EV:  7    Int: 15    God:
Gold:   176        SH: 11    Dex: 17    Spells: 9/9 levels left

rFire    . . .     SeeInvis .   a - +0 long sword
rCold    . . .     Gourm    .   c - +0 shield
rNeg     . . .     Faith    .   s - +0 chain mail
rPois    .         Spirit   .   (no helmet)
rElec    .         Reflect  .   (no cloak)
rCorr    .         Harm     .   j - +0 pair of gloves
MR       .....                  (no boots)
Stlth    ..........             (no amulet)
HPRegen  0.17/turn              v - +5 ring of intelligence
MPRegen  0.11/turn              (no ring)

@: no status effects
A: distributed training, fangs 1, strong nose
a: no special abilities


You were on level 4 of the Dungeon.
You were not hungry.

You visited 1 branch of the dungeon, and saw 4 of its levels.

You collected 176 gold pieces.

Inventory:

Hand Weapons
 a - a +0 long sword (weapon)
 l - a +0 hunting sling
 u - a +0 short sword
 x - a +0 scythe
 y - a +0 falchion
 A - a +0 rapier
 B - a +0 trident
Missiles
 k - 19 poisoned needles
 m - 21 sling bullets
 r - 89 arrows
Armour
 b - a +0 scale mail
 c - a +0 shield (worn)
 g - a +0 ring mail
 j - a +0 pair of gloves (worn)
 s - a +0 chain mail (worn)
 t - a +0 leather armour
Jewellery
 v - a +5 ring of intelligence (left hand)
Wands
 d - a wand of flame (5)
Scrolls
 h - a scroll of enchant weapon {unknown}
 i - 2 scrolls of remove curse {unknown}
 o - 2 scrolls of identify {unknown}
 z - a scroll of amnesia {unknown}
Potions
 e - a potion of haste {unknown}
 n - a potion of degeneration {unknown}
 p - a potion of brilliance {unknown}
 q - a potion of heal wounds {unknown}
Comestibles
 f - 7 rations
 w - a chunk of flesh


   Skills:
 + Level 6.8 Fighting
 + Level 2.0 Short Blades
 + Level 5.0 Long Blades
 + Level 2.0 Axes
 + Level 2.0 Maces & Flails
 + Level 2.0 Polearms
 + Level 2.0 Staves
 + Level 2.0 Slings
 + Level 2.0 Bows
 + Level 2.0 Crossbows
 + Level 2.0 Throwing
 + Level 6.8 Armour
 + Level 2.0 Dodging
 + Level 2.0 Stealth
 + Level 6.8 Shields
 + Level 2.0 Unarmed Combat
 + Level 2.0 Spellcasting
 + Level 1.6 Conjurations
 + Level 1.6 Hexes
 + Level 1.6 Charms
 + Level 1.6 Summonings
 + Level 1.6 Necromancy
 + Level 1.6 Translocations
 + Level 1.6 Transmutations
 + Level 1.6 Fire Magic
 + Level 1.6 Ice Magic
 + Level 1.6 Air Magic
 + Level 1.6 Earth Magic
 + Level 1.6 Poison Magic
 + Level 2.2 Invocations
 + Level 2.0 Evocations


You had 9 spell levels left.
You didn't know any spells.

Dungeon Overview and Level Annotations

Branches:
Dungeon (4/15)
 Temple: D:4-7

Altars:


Innate Abilities, Weirdness & Mutations

Your experience applies equally to all skills.
You have very sharp teeth.
Your uncanny sense of smell can sniff out nearby items.


Message History

You see here an adder corpse.
You butcher the adder corpse.
w - a chunk of flesh There isn't anything here!
An ogre comes into view. It is wielding a giant club.
The ogre shouts!
Found a ration.
The ogre hits you with a giant club!!
Your chain mail prevents you from hitting the ogre.
The ogre barely misses you.
You hit the ogre. Your bite misses the ogre.
The ogre is lightly wounded.
The ogre hits you with a giant club!
Your shield and chain mail prevent you from hitting the ogre.
The ogre is lightly wounded.
The ogre barely misses you.
You hit the ogre.
The ogre is moderately wounded.
The ogre hits you with a giant club!!
You die...

########
#......#
###.....<#
##........#
..##.........#
∆
#.........####
∆ ##.....@..#
#.....O..#
##......##
#......#
.%.......
...........
.#.........
........###


You could see an ogre.

Vanquished Creatures
  Sigmund (D:3)
  2 orc wizards (D:3)
  8 adders
  A worm (D:2)
  2 dart slugs (D:1)
  5 leopard geckos
  3 orcs (D:3)
  2 ball pythons
  6 bats
  3 giant cockroaches (D:1)
  7 goblins
  5 hobgoblins
  4 jackals (D:2)
  10 kobolds
  3 quokkas (D:3)
  A frilled lizard (D:3)
  11 rats
74 creatures vanquished.

Notes
Turn   | Place    | Note
-------+----------+-------------------------------------------
     0 | D:1      | Reyan the Gnoll Fighter began the quest for the Orb.
     0 | D:1      | Reached XP level 1. HP: 23/23 MP: 1/1
   171 | D:1      | Reached XP level 2. HP: 29/29 MP: 2/2
   397 | D:1      | Reached XP level 3. HP: 30/35 MP: 3/3
   640 | D:1      | Reached skill level 1 in Invocations
  1089 | D:2      | Reached skill level 1 in Short Blades
  1089 | D:2      | Reached skill level 1 in Axes
  1089 | D:2      | Reached skill level 1 in Maces & Flails
  1089 | D:2      | Reached skill level 1 in Polearms
  1089 | D:2      | Reached skill level 1 in Staves
  1089 | D:2      | Reached skill level 1 in Slings
  1089 | D:2      | Reached skill level 1 in Bows
  1089 | D:2      | Reached skill level 1 in Crossbows
  1089 | D:2      | Reached skill level 1 in Throwing
  1089 | D:2      | Reached skill level 1 in Dodging
  1089 | D:2      | Reached skill level 1 in Stealth
  1089 | D:2      | Reached skill level 1 in Unarmed Combat
  1089 | D:2      | Reached skill level 1 in Spellcasting
  1089 | D:2      | Reached skill level 1 in Evocations
  1101 | D:2      | Reached XP level 4. HP: 37/41 MP: 5/5
  1812 | D:2      | Reached skill level 1 in Conjurations
  1812 | D:2      | Reached skill level 1 in Hexes
  1812 | D:2      | Reached skill level 1 in Charms
  1812 | D:2      | Reached skill level 1 in Summonings
  1812 | D:2      | Reached skill level 1 in Necromancy
  1812 | D:2      | Reached skill level 1 in Translocations
  1812 | D:2      | Reached skill level 1 in Transmutations
  1812 | D:2      | Reached skill level 1 in Fire Magic
  1812 | D:2      | Reached skill level 1 in Ice Magic
  1812 | D:2      | Reached skill level 1 in Air Magic
  1812 | D:2      | Reached skill level 1 in Earth Magic
  1812 | D:2      | Reached skill level 1 in Poison Magic
  2151 | D:3      | Noticed Sigmund
  2214 | D:3      | Killed Sigmund
  2214 | D:3      | Reached XP level 5. HP: 4/47 MP: 5/7
  2214 | D:3      | Reached XP level 6. HP: 5/53 MP: 5/8
  2478 | D:3      | Reached skill level 5 in Long Blades
  3059 | D:4      | Slain by an ogre

Skill      XL: |  1  2  3  4  5  6 |
---------------+-------------------+-----
Invocations    | 1 2 |  2.2
Short Blades   | 1 2 |  2.0
Axes           | 1 2 |  2.0
Maces & Flails | 1 2 |  2.0
Polearms       | 1 2 |  2.0
Staves         | 1 2 |  2.0
Slings         | 1 2 |  2.0
Bows           | 1 2 |  2.0
Crossbows      | 1 2 |  2.0
Throwing       | 1 2 |  2.0
Dodging        | 1 2 |  2.0
Stealth        | 1 2 |  2.0
Unarmed Combat | 1 2 |  2.0
Spellcasting   | 1 2 |  2.0
Evocations     | 1 2 |  2.0
Conjurations   | 1 |  1.6
Hexes          | 1 |  1.6
Charms         | 1 |  1.6
Summonings     | 1 |  1.6
Necromancy     | 1 |  1.6
Translocations | 1 |  1.6
Transmutations | 1 |  1.6
Fire Magic     | 1 |  1.6
Ice Magic      | 1 |  1.6
Air Magic      | 1 |  1.6
Earth Magic    | 1 |  1.6
Poison Magic   | 1 |  1.6
Long Blades    | 5 |  5.0
Fighting       | |  6.8
Armour         | |  6.8
Shields        | |  6.8

Action                   |  1- 3 |  4- 6 || total
-------------------------+-------+-------++-------
Melee: Long sword        |    96 |   149 ||   245
       Bite              |    11 |    21 ||    32
  Use: Potion            |       |     1 ||     1
  Eat: Chunk             |       |     7 ||     7
Armor: Scale mail        |    47 |     8 ||    55
       Chain mail        |       |    71 ||    71
Dodge: Dodged            |    29 |    34 ||    63
Block: Shield            |    67 |    67 ||   134
       Rpst.: Long sword |     8 |    11 ||    19
